 Dungeon Crawl Stone Soup version 0.23.0 (webtiles) character file.

Game seed: 1184807690154510711

11393 tidbits the Thaumaturge (level 11, -5/86 HPs)
             Began as a Gnoll Skald on Feb 14, 2019.
             Was a High Priest of Cheibriados.
             Slain by an alligator (10 damage)
             ... on level 1 of the Swamp.
             The game lasted 00:39:33 (3548 turns).

tidbits the Thaumaturge (Gnoll Skald)               Turns: 3548, Time: 00:39:33

Health: -5/86      AC: 20    Str: 25    XL:     11   Next: 77%
Magic:  7/23       EV: 19    Int: 28    God:    Cheibriados [*****.]
Gold:   436        SH:  7    Dex: 25    Spells: 5/26 levels left

rFire    . . .     SeeInvis .   w - +0 trident (venom)
rCold    . . .     Gourm    .   D - +0 buckler
rNeg     . . .     Faith    .   B - +0 swamp dragon scales
rPois    +         Spirit   .   E - +0 helmet
rElec    .         Reflect  .   C - +0 cloak
rCorr    .         Harm     .   A - +0 pair of gloves
MR       +....                  F - +0 pair of boots
Stlth    +++.......             V - amulet of the acrobat
HPRegen  1.24/turn              l - +6 ring of protection
MPRegen  0.18/turn              H - ring of protection from magic

@: about to teleport, regenerating, very slow
A: distributed training, fangs 1, dopey 1, strong nose
a: Bend Time, Temporal Distortion, Slouch, Step From Time, Renounce Religion


You were on level 1 of the Swamp.
You worshipped Cheibriados.
Cheibriados was extremely pleased with you.
You were not hungry.

You visited 4 branches of the dungeon, and saw 18 of its levels.

You collected 436 gold pieces.

Inventory:

Hand Weapons
 a - the +6 long sword of Offence {distort, *Rage MR+++ Str+5}
   (You found it on level 6 of the Dungeon)

   It warps and distorts space around it.
   Unwielding it can cause banishment or high damage.
   It affects your strength (+5).
   It affects your resistance to hostile enchantments.
   It may make you go berserk in combat.
 b - a +0 glaive
 h - a +0 flail of crushing
   (You found it on level 2 of the Lair of Beasts)
 m - a +0 war axe
 w - a +0 trident of venom (weapon)
   (You took it off an orc on level 6 of the Dungeon)
 N - a +0 shortbow
 R - a +2 dagger of venom
   (You took it off an orc on level 9 of the Dungeon)
 T - a +1 war axe of flaming
   (You found it on level 10 of the Dungeon)
 X - a +0 blowgun
Missiles
 k - 7 needles of confusion
 u - a throwing net {!f}
 y - 2 stones
 z - 9 tomahawks
 I - 3 curare-tipped needles
 M - 3 steel javelins (quivered)
 O - 121 arrows
 Y - 2 javelins
Armour
 i - a +0 ring mail
 j - a +0 troll leather armour
 A - a +0 pair of gloves (worn)
 B - +0 swamp dragon scales (worn)
 C - a +0 cloak (worn)
 D - a +0 buckler (worn)
 E - a +0 helmet (worn)
 F - a +0 pair of boots (worn)
Magical Staves
 K - an uncursed staff of fire {unknown}
   (You found it on level 8 of the Dungeon)
 Q - an uncursed staff of air {unknown}
   (You found it on level 8 of the Dungeon)
Jewellery
 l - a +6 ring of protection (left hand)
   (You found it on level 1 of the Dungeon)
 o - a +2 ring of dexterity
   (You found it on level 2 of the Dungeon)
 H - a ring of protection from magic (right hand)
   (You found it on level 1 of the Swamp)
 V - an amulet of the acrobat (around neck)
   (You found it on level 11 of the Dungeon)
Wands
 G - a wand of digging (11)
Scrolls
 g - 2 scrolls of fog {unknown}
 p - a scroll of remove curse
 q - 2 scrolls of enchant weapon {unknown}
 r - a scroll of random uselessness {unknown}
 s - 2 scrolls of amnesia
 t - 4 scrolls of teleportation
 v - 2 scrolls of magic mapping
 S - 2 scrolls of brand weapon {unknown}
 U - a scroll of fear
 W - a scroll of torment
 Z - 2 scrolls of blinking {unknown}
Potions
 c - a potion of agility
 e - 5 potions of curing
 f - a potion of degeneration {unknown}
 n - a potion of heal wounds
 x - 2 potions of resistance
 J - 3 potions of brilliance {unknown}
 P - a potion of flight
Comestibles
 d - 17 rations


   Skills:
 + Level 8.0 Fighting
 + Level 6.5 Short Blades
 + Level 6.5 Long Blades
 + Level 6.5 Axes
 + Level 6.5 Maces & Flails
 + Level 8.0 Polearms
 + Level 6.5 Staves
 + Level 6.5 Slings
 + Level 6.5 Bows
 + Level 6.5 Crossbows
 + Level 6.5 Throwing
 + Level 7.0 Armour
 + Level 8.0 Dodging
 + Level 6.5 Stealth
 + Level 6.5 Shields
 + Level 6.5 Unarmed Combat
 + Level 8.3 Spellcasting
 + Level 5.3 Conjurations
 + Level 5.3 Hexes
 + Level 7.8 Charms
 + Level 5.3 Summonings
 + Level 5.3 Necromancy
 + Level 5.3 Translocations
 + Level 5.3 Transmutations
 + Level 5.3 Fire Magic
 + Level 5.3 Ice Magic
 + Level 5.3 Air Magic
 + Level 5.3 Earth Magic
 + Level 5.3 Poison Magic
 + Level 7.1 Invocations
 + Level 6.5 Evocations


You had 5 spell levels left.
You knew the following spells:

 Your Spells              Type           Power        Failure   Level  Hunger
c - Conjure Flame         Conj/Fire      #####...     2%          3    None
g - Shroud of Golubria    Chrm/Tloc      #####.....   1%          2    None
i - Infusion              Chrm           ####         1%          1    None
k - Sticks to Snakes      Tmut           #####...     1%          2    None
o - Ozocubu's Armour      Chrm/Ice       #####...     1%          3    None
p - Passwall              Tmut/Erth      #####...     1%          2    None
r - Regeneration          Chrm/Necr      #####.....   1%          3    None
w - Spectral Weapon       Hex/Chrm       #####...     1%          3    None
y - Song of Slaying       Chrm           ######..     1%          2    None

Your spell library contained the following spells:

 Spells                   Type           Power        Failure   Level  Hunger
 Beastly Appendage        Tmut           #####.       1%          1    None
 Freeze                   Ice            ####         1%          1    None
 Sandblast                Erth           #####.       1%          1    None
 Poisonous Vapours        Pois/Air       #####.       1%          2    None
 Throw Frost              Conj/Ice       #####.       1%          2    None
 Mephitic Cloud           Conj/Pois/Air  #####...     2%          3    None
 Spider Form              Tmut/Pois      #####.....   2%          3    None
 Stone Arrow              Conj/Erth      #####.       2%          3    None
 Ice Form                 Ice/Tmut       #####...     8%          4    #......
 Petrify                  Tmut/Erth      #####...     8%          4    #......
 Summon Ice Beast         Ice/Summ       #####...     8%          4    #......
 Throw Icicle             Conj/Ice       #####...     8%          4    #......
 Blade Hands              Tmut           #####.....   22%         5    ####...
 Lee's Rapid Deconstruct  Erth           #####.....   22%         5    ####...
 Freezing Cloud           Conj/Ice/Air   #####.....   75%         6    ######.
 Ring of Flames           Chrm/Fire      #####.....   98%         7    #######


Dungeon Overview and Level Annotations

Branches:
Dungeon (12/15)            Temple (1/1) D:6            Lair (3/6) D:8
  Swamp (2/4) Lair:2
  Snake: Lair:2-4    Spider: Lair:2-4       Orc: D:9-12

Altars:
Ashenzari
Cheibriados
Dithmenos
Elyvilon
Fedhas
Gozag
Makhleb
Nemelex Xobeh
Okawaru
Qazlal
Trog
Uskayaw
Vehumet
Wu Jian
Xom
Zin
The Shining One

Annotations:
D:11 exclusion: manticore
Lair:2 exclusion: oklob plant, Urug
Swamp:2 Louise


Innate Abilities, Weirdness & Mutations

Your experience applies equally to all skills.
You have very sharp teeth.
Your uncanny sense of smell can sniff out nearby items.
You are dopey. (Int -2)


Message History

The alligator is heavily wounded.
Your spectral weapon hits the alligator but does no damage.
The alligator looks as sick as possible!
The alligator bites you. The alligator tail-slaps you.
The alligator bites you but does no damage.
The alligator tail-slaps you but does no damage.
You hit the alligator.
The alligator looks as sick as possible!
The alligator is severely wounded.
Your spectral weapon barely misses the alligator.
The alligator bites you!! The alligator misses you.
You hit the alligator.
The alligator looks as sick as possible!
The alligator is severely wounded.
Your spectral weapon hits the alligator.
The alligator looks as sick as possible!
The alligator bites your spectral weapon!
Your spectral weapon shares its damage with you!
The alligator closely misses your spectral weapon.
You hit the alligator but do no damage.
The alligator looks as sick as possible!
The alligator is almost dead.
Your spectral weapon closely misses the alligator.
The alligator bites you!!
* * * LOW HITPOINT WARNING * * *
The alligator tail-slaps you but does no damage.
You puncture the alligator!
You kill the alligator!
Cheibriados thoroughly appreciates the change of pace.
Casting: Spectral Weapon (safe; 1% risk of failure)
Confirm with . or Enter, or press ? or * to list all spells.
Your skin crawls.
Unknown command.
Unknown command.
Unknown command.
Unknown command.
The alligator puts on a burst of speed!
There is a stone staircase leading down here.
Unknown command.
You climb downwards.
Your summoned ally is left behind.
Your spectral weapon fades away.
An alligator and Louise come into view.
Louise is wielding a +1 demon trident of venom.
There is a stone staircase leading up here.
Unknown command.
Louise shouts!
The alligator puts on a burst of speed!
You climb upwards.
The alligator barely misses you. The alligator misses you.
You block the alligator's attack. The alligator closely misses you.
The insubstantial wisp hits you but does no damage.
The insubstantial wisp blinks!
There is a stone staircase leading down here.
Unknown command.
Unknown command.
Casting: Regeneration (safe; 1% risk of failure)
Confirm with . or Enter, or press ? or * to list all spells.
You draw out your weapon's spirit!
The alligator bites you but does no damage.
You block the alligator's attack.
The insubstantial wisp blinks!
You completely miss the alligator.
Your spectral weapon hits the alligator but does no damage.
The alligator is poisoned.
The alligator bites you!
* * * LOW HITPOINT WARNING * * *
The alligator tail-slaps you but does no damage.
The insubstantial wisp barely misses you.
Casting: Spectral Weapon (safe; 1% risk of failure)
Confirm with . or Enter, or press ? or * to list all spells.
Space distorts slightly along a thin shroud covering your body.
The alligator closely misses you. The alligator misses you.
The insubstantial wisp thrums sharply.
You are struck by an arc of lightning!
* * * LOW HITPOINT WARNING * * *
The alligator is struck by an arc of lightning!
You are struck by an arc of lightning.
* * * LOW HITPOINT WARNING * * *
The lightning grounds out.
The alligator is struck by an arc of lightning.
The alligator bites you!
* * * LOW HITPOINT WARNING * * *
Your shroud falls apart!
The alligator closely misses you.
Unknown command.
Okay, then.
Unknown command.
You puncture the alligator!
The alligator looks as sick as possible!
You bite the alligator.
The alligator is moderately wounded.
Your spectral weapon hits the alligator.
You block the alligator's attack. The alligator closely misses you.
A spriggan rider comes into view. It is wielding a +0 spear.
Unknown command.
As you read the scroll of teleportation, it crumbles to dust.
You feel strangely unstable.
You block the insubstantial wisp's attack.
The insubstantial wisp completely misses you.
The alligator bites you!
* * * LOW HITPOINT WARNING * * *
The alligator tail-slaps you!
You die...

..♣♣♣ i≈..≈≈≈ ≈≈...
≈≈..i.... ≈≈...
...§....≈ ≈≈≈..
......≈§≈≈≈ ≈≈≈.≈
♣♣.≈..§≈≈≈≈≈..≈≈w≈
♣≈(≈..≈≈≈≈≈≈..≈≈≈≈
♣♣♣♣≈t...≈≈≈≈≈≈......
♣≈..@v.♣≈.≈≈≈≈≈..♣♣♣♣
♣.≈≈≈v>≈..≈≈≈≈...≈♣♣♣
♣.≈≈.....≈≈≈......≈..
♣♣≈........%..≈≈≈≈...
♣....≈≈.≈≈..≈≈≈≈≈<.≈
♣..≈..≈.≈≈.≈≈≈≈...≈≈
♣...^......≈≈≈.(..≈≈
♣♣§.....≈♣...≈≈≈?.≈≈≈
♣≈≈≈≈≈≈.♣♣♣..≈≈≈≈♣≈≈≈


You could see an alligator, 2 spriggan riders, 2 insubstantial wisps and a
friendly spectral +0 trident of venom.

Vanquished Creatures
  A hydra (Swamp:1)
  An alligator (Swamp:1)
  2 swamp dragons (Swamp:1)
  A deep elf mage (D:11)
  An ugly thing (D:11)
  A spiny frog (Swamp:1)
  A gargoyle (D:11)
  2 komodo dragons
  2 jumping spiders (Lair:2)
  3 tyrant leeches
  A troll (D:11)
  A hippogriff (D:9)
  A meliai zombie (D:11)
  A redback (Lair:2)
  A yak (D:8)
  An insubstantial wisp (Swamp:1)
  A swamp worm (Lair:2)
  7 porcupines
  An ice beast (D:5)
  A phantom (D:5)
  A swamp drake (Swamp:1)
  2 black bears
  A sky beast (D:8)
  An orc warrior (D:6)
  2 ogres
  3 centaurs
  2 crocodiles
  A big kobold (D:10)
  6 bullfrogs
  A wyvern zombie (D:10)
  A gnoll sergeant (D:8)
  A water moccasin skeleton (D:7)
  3 scorpions
  4 wights (D:9)
  6 killer bees (D:9)
  5 howler monkeys
  3 crimson imps
  A quasit (D:8)
  A hound (D:10)
  4 orc priests
  2 bullfrog skeletons
  4 jellies
  5 orc wizards
  Terence (D:2)
  An iguana (D:11)
  Natasha (thrice) (D:2)
  3 worker ants
  2 hound zombies
  A hound skeleton (D:8)
  12 gnolls
  9 adders
  2 shadow imps
  An adder zombie (D:5)
  2 worms
  A dart slug (D:1)
  3 leopard geckos
  26 orcs
  A bat skeleton (D:2)
  3 giant cockroaches
  3 goblins
  4 hobgoblins
  11 jackals
  11 kobolds
  6 quokkas
  2 bats (D:3)
  4 frilled lizards
  5 rats
  A butterfly (Lair:2)
  7 fungi (D:8)
216 creatures vanquished.

Vanquished Creatures (collateral kills)
  Sonja (Lair:2)
  A basilisk (Lair:2)
  A porcupine (Lair:2)
3 creatures vanquished.

Vanquished Creatures (others)
  10 fungi (D:8)
  6 spectral weapons
  4 toadstools (D:1)
20 creatures vanquished.

Grand Total: 239 creatures vanquished

Notes
Turn   | Place    | Note
-------+----------+-------------------------------------------
     0 | D:1      | tidbits the Gnoll Skald began the quest for the Orb.
     0 | D:1      | Reached XP level 1. HP: 20/20 MP: 6/6
   121 | D:2      | Noticed Natasha
   127 | D:2      | Killed Natasha
   127 | D:2      | Reached skill level 5 in Spellcasting
   127 | D:2      | Reached XP level 2. HP: 26/26 MP: 4/8
   127 | D:2      | Reached XP level 3. HP: 31/31 MP: 4/9
   131 | D:2      | Learned a level 2 spell: Song of Slaying
   134 | D:2      | Learned a level 2 spell: Shroud of Golubria
   175 | D:1      | Learned a level 3 spell: Regeneration
   179 | D:1      | Learned a level 3 spell: Spectral Weapon
   267 | D:2      | Noticed Terence
   274 | D:2      | Killed Terence
   274 | D:2      | Reached skill level 1 in Short Blades
   274 | D:2      | Reached skill level 1 in Long Blades
   274 | D:2      | Reached skill level 1 in Axes
   274 | D:2      | Reached skill level 1 in Maces & Flails
   274 | D:2      | Reached skill level 1 in Staves
   274 | D:2      | Reached skill level 1 in Slings
   274 | D:2      | Reached skill level 1 in Bows
   274 | D:2      | Reached skill level 1 in Crossbows
   274 | D:2      | Reached skill level 1 in Throwing
   274 | D:2      | Reached skill level 1 in Stealth
   274 | D:2      | Reached skill level 1 in Shields
   274 | D:2      | Reached skill level 1 in Unarmed Combat
   274 | D:2      | Reached skill level 1 in Invocations
   274 | D:2      | Reached skill level 1 in Evocations
   274 | D:2      | Reached XP level 4. HP: 38/38 MP: 4/11
   390 | D:2      | Found an opulent altar of Gozag.
   391 | D:2      | Noticed Natasha
   402 | D:2      | Killed Natasha
   402 | D:2      | Reached skill level 1 in Conjurations
   402 | D:2      | Reached skill level 1 in Hexes
   402 | D:2      | Reached skill level 1 in Summonings
   402 | D:2      | Reached skill level 1 in Necromancy
   402 | D:2      | Reached skill level 1 in Translocations
   402 | D:2      | Reached skill level 1 in Transmutations
   402 | D:2      | Reached skill level 1 in Fire Magic
   402 | D:2      | Reached skill level 1 in Ice Magic
   402 | D:2      | Reached skill level 1 in Air Magic
   402 | D:2      | Reached skill level 1 in Earth Magic
   402 | D:2      | Reached skill level 1 in Poison Magic
   434 | D:2      | Noticed Natasha
   446 | D:2      | Killed Natasha
   446 | D:2      | Reached XP level 5. HP: 30/43 MP: 2/12
   447 | D:2      | Found a glowing golden altar of the Shining One.
   699 | D:3      | Reached skill level 3 in Armour
   906 | D:3      | Reached XP level 6. HP: 50/50 MP: 3/13
   949 | D:4      | Reached skill level 2 in Invocations
   999 | D:5      | Entered Level 5 of the Dungeon
  1067 | D:4      | Reached skill level 5 in Fighting
  1067 | D:4      | Reached skill level 2 in Short Blades
  1067 | D:4      | Reached skill level 2 in Long Blades
  1067 | D:4      | Reached skill level 2 in Axes
  1067 | D:4      | Reached skill level 2 in Maces & Flails
  1067 | D:4      | Reached skill level 5 in Polearms
  1067 | D:4      | Reached skill level 2 in Staves
  1067 | D:4      | Reached skill level 2 in Slings
  1067 | D:4      | Reached skill level 2 in Bows
  1067 | D:4      | Reached skill level 2 in Crossbows
  1067 | D:4      | Reached skill level 2 in Throwing
  1067 | D:4      | Reached skill level 5 in Dodging
  1067 | D:4      | Reached skill level 2 in Stealth
  1067 | D:4      | Reached skill level 2 in Shields
  1067 | D:4      | Reached skill level 2 in Unarmed Combat
  1067 | D:4      | Reached skill level 2 in Evocations
  1103 | D:5      | Noticed an ice beast
  1110 | D:5      | Killed an ice beast
  1135 | D:5      | Reached XP level 7. HP: 56/56 MP: 5/15
  1182 | D:5      | Found a radiant altar of Vehumet.
  1250 | D:5      | Found a shadowy altar of Dithmenos.
  1267 | D:5      | Reached skill level 2 in Conjurations
  1267 | D:5      | Reached skill level 2 in Hexes
  1267 | D:5      | Reached skill level 2 in Summonings
  1267 | D:5      | Reached skill level 2 in Necromancy
  1267 | D:5      | Reached skill level 2 in Translocations
  1267 | D:5      | Reached skill level 2 in Transmutations
  1267 | D:5      | Reached skill level 2 in Fire Magic
  1267 | D:5      | Reached skill level 2 in Ice Magic
  1267 | D:5      | Reached skill level 2 in Air Magic
  1267 | D:5      | Reached skill level 2 in Earth Magic
  1267 | D:5      | Reached skill level 2 in Poison Magic
  1309 | D:6      | Found a sparkling altar of Nemelex Xobeh.
  1331 | D:6      | Reached skill level 3 in Invocations
  1335 | D:6      | Found an opulent altar of Gozag.
  1335 | D:6      | Found a white marble altar of Elyvilon.
  1338 | D:6      | Found a shattered altar of Ashenzari.
  1345 | D:6      | Found a hide-covered altar of Uskayaw.
  1368 | D:6      | Reached XP level 8. HP: 30/63 MP: 9/16
  1384 | D:6      | Reached skill level 6 in Charms
  1396 | D:6      | Reached skill level 3 in Short Blades
  1396 | D:6      | Reached skill level 3 in Long Blades
  1396 | D:6      | Reached skill level 3 in Axes
  1396 | D:6      | Reached skill level 3 in Maces & Flails
  1396 | D:6      | Reached skill level 3 in Staves
  1396 | D:6      | Reached skill level 3 in Slings
  1396 | D:6      | Reached skill level 3 in Bows
  1396 | D:6      | Reached skill level 3 in Crossbows
  1396 | D:6      | Reached skill level 3 in Throwing
  1396 | D:6      | Reached skill level 4 in Armour
  1396 | D:6      | Reached skill level 3 in Stealth
  1396 | D:6      | Reached skill level 3 in Shields
  1396 | D:6      | Reached skill level 3 in Unarmed Combat
  1396 | D:6      | Reached skill level 3 in Evocations
  1433 | D:6      | Found a staircase to the Ecumenical Temple.
  1440 | Temple   | Entered the Ecumenical Temple
  1509 | Temple   | Became a worshipper of Cheibriados the Contemplative
  1580 | D:6      | Got a warped long sword
  1581 | D:6      | Identified the +6 long sword of Offence {distort, *Rage
                  | MR+++ Str+5} (You found it on level 6 of the Dungeon)
  1616 | D:6      | Gained mutation: You are dopey. (Int -2) [mutagenic glow]
  1737 | D:6      | Reached skill level 6 in Spellcasting
  1776 | D:7      | You fall through a shaft for 3 floors!
  1776 | D:10     | Entered Level 10 of the Dungeon
  1906 | D:8      | Reached * piety under Cheibriados
  1917 | D:8      | Reached skill level 4 in Invocations
  1924 | D:8      | Reached skill level 3 in Conjurations
  1924 | D:8      | Reached skill level 3 in Hexes
  1924 | D:8      | Reached skill level 3 in Summonings
  1924 | D:8      | Reached skill level 3 in Necromancy
  1924 | D:8      | Reached skill level 3 in Translocations
  1924 | D:8      | Reached skill level 3 in Transmutations
  1924 | D:8      | Reached skill level 3 in Fire Magic
  1924 | D:8      | Reached skill level 3 in Ice Magic
  1924 | D:8      | Reached skill level 3 in Air Magic
  1924 | D:8      | Reached skill level 3 in Earth Magic
  1924 | D:8      | Reached skill level 3 in Poison Magic
  1931 | D:8      | Reached skill level 6 in Fighting
  1931 | D:8      | Reached skill level 6 in Polearms
  1931 | D:8      | Reached skill level 6 in Dodging
  1931 | D:8      | Reached XP level 9. HP: 24/69 MP: 11/18
  1939 | D:8      | HP: 12/69 [scorpion (2)]
  1959 | D:8      | Reached skill level 4 in Short Blades
  1959 | D:8      | Reached skill level 4 in Long Blades
  1959 | D:8      | Reached skill level 4 in Axes
  1959 | D:8      | Reached skill level 4 in Maces & Flails
  1959 | D:8      | Reached skill level 4 in Staves
  1959 | D:8      | Reached skill level 4 in Slings
  1959 | D:8      | Reached skill level 4 in Bows
  1959 | D:8      | Reached skill level 4 in Crossbows
  1959 | D:8      | Reached skill level 4 in Throwing
  1959 | D:8      | Reached skill level 4 in Stealth
  1959 | D:8      | Reached skill level 4 in Shields
  1959 | D:8      | Reached skill level 4 in Unarmed Combat
  1959 | D:8      | Reached skill level 4 in Evocations
  2001 | D:8      | Reached ** piety under Cheibriados
  2018 | D:8      | Reached skill level 5 in Armour
  2059 | D:8      | Found a staircase to the Lair.
  2220 | D:9      | Reached skill level 5 in Invocations
  2268 | D:10     | Reached XP level 10. HP: 77/77 MP: 17/20
  2290 | D:8      | Found an opulent altar of Gozag.
  2383 | D:9      | Reached skill level 7 in Spellcasting
  2392 | D:9      | Reached *** piety under Cheibriados
  2395 | D:9      | Reached skill level 4 in Conjurations
  2395 | D:9      | Reached skill level 4 in Hexes
  2395 | D:9      | Reached skill level 4 in Summonings
  2395 | D:9      | Reached skill level 4 in Necromancy
  2395 | D:9      | Reached skill level 4 in Translocations
  2395 | D:9      | Reached skill level 4 in Transmutations
  2395 | D:9      | Reached skill level 4 in Fire Magic
  2395 | D:9      | Reached skill level 4 in Ice Magic
  2395 | D:9      | Reached skill level 4 in Air Magic
  2395 | D:9      | Reached skill level 4 in Earth Magic
  2395 | D:9      | Reached skill level 4 in Poison Magic
  2599 | D:11     | Reached skill level 5 in Short Blades
  2599 | D:11     | Reached skill level 5 in Long Blades
  2599 | D:11     | Reached skill level 5 in Axes
  2599 | D:11     | Reached skill level 5 in Maces & Flails
  2599 | D:11     | Reached skill level 5 in Staves
  2599 | D:11     | Reached skill level 5 in Slings
  2599 | D:11     | Reached skill level 5 in Bows
  2599 | D:11     | Reached skill level 5 in Crossbows
  2599 | D:11     | Reached skill level 5 in Throwing
  2599 | D:11     | Reached skill level 5 in Stealth
  2599 | D:11     | Reached skill level 5 in Shields
  2599 | D:11     | Reached skill level 5 in Unarmed Combat
  2599 | D:11     | Reached skill level 5 in Evocations
  2603 | D:11     | Noticed a green ugly thing
  2616 | D:11     | Noticed a gargoyle
  2622 | D:11     | Killed a green ugly thing
  2622 | D:11     | Reached skill level 7 in Charms
  2622 | D:11     | Noticed a deep elf mage
  2629 | D:11     | Killed a gargoyle
  2629 | D:11     | Reached skill level 7 in Fighting
  2629 | D:11     | Reached skill level 7 in Polearms
  2629 | D:11     | Reached skill level 7 in Dodging
  2632 | D:11     | Killed a deep elf mage
  2632 | D:11     | Reached skill level 6 in Armour
  2669 | D:11     | Noticed a manticore
  2721 | D:11     | Noticed a gargoyle
  2744 | D:10     | Reached skill level 6 in Invocations
  2792 | D:8      | Reached **** piety under Cheibriados
  2841 | Lair:1   | Entered Level 1 of the Lair of Beasts
  2888 | Lair:2   | Noticed Urug
  2888 | Lair:2   | Noticed Sonja
  3000 | Lair:1   | Learned a level 2 spell: Passwall
  3091 | Lair:2   | Reached XP level 11. HP: 79/84 MP: 17/22
  3142 | Lair:2   | Noticed an oklob plant
  3158 | Lair:2   | Learned a level 2 spell: Sticks to Snakes
  3170 | Lair:2   | Paralysed by Sonja for 2 turns
  3173 | Lair:2   | Killed Sonja
  3239 | Lair:2   | Found a staircase to the Swamp.
  3254 | Lair:2   | Learned a level 3 spell: Conjure Flame
  3258 | Lair:2   | Learned a level 3 spell: Ozocubu's Armour
  3270 | Lair:2   | Reached skill level 6 in Short Blades
  3270 | Lair:2   | Reached skill level 6 in Long Blades
  3270 | Lair:2   | Reached skill level 6 in Axes
  3270 | Lair:2   | Reached skill level 6 in Maces & Flails
  3270 | Lair:2   | Reached skill level 6 in Staves
  3270 | Lair:2   | Reached skill level 6 in Slings
  3270 | Lair:2   | Reached skill level 6 in Bows
  3270 | Lair:2   | Reached skill level 6 in Crossbows
  3270 | Lair:2   | Reached skill level 6 in Throwing
  3270 | Lair:2   | Reached skill level 6 in Stealth
  3270 | Lair:2   | Reached skill level 6 in Shields
  3270 | Lair:2   | Reached skill level 6 in Unarmed Combat
  3270 | Lair:2   | Reached skill level 6 in Evocations
  3276 | Swamp:1  | Entered Level 1 of the Swamp
  3276 | Swamp:1  | Noticed a spriggan rider
  3276 | Swamp:1  | Noticed an alligator
  3294 | Swamp:1  | Reached skill level 5 in Conjurations
  3294 | Swamp:1  | Reached skill level 5 in Hexes
  3294 | Swamp:1  | Reached skill level 5 in Summonings
  3294 | Swamp:1  | Reached skill level 5 in Necromancy
  3294 | Swamp:1  | Reached skill level 5 in Translocations
  3294 | Swamp:1  | Reached skill level 5 in Transmutations
  3294 | Swamp:1  | Reached skill level 5 in Fire Magic
  3294 | Swamp:1  | Reached skill level 5 in Ice Magic
  3294 | Swamp:1  | Reached skill level 5 in Air Magic
  3294 | Swamp:1  | Reached skill level 5 in Earth Magic
  3294 | Swamp:1  | Reached skill level 5 in Poison Magic
  3379 | Swamp:1  | Reached skill level 8 in Spellcasting
  3382 | Swamp:1  | Noticed a swamp dragon
  3399 | Swamp:1  | Killed a swamp dragon
  3440 | Swamp:1  | Noticed a four-headed hydra
  3440 | Swamp:1  | Noticed a swamp dragon
  3473 | Swamp:1  | Killed a four-headed hydra
  3484 | Swamp:1  | Killed a swamp dragon
  3484 | Swamp:1  | Reached ***** piety under Cheibriados
  3484 | Swamp:1  | Reached skill level 7 in Invocations
  3509 | Swamp:1  | Reached skill level 8 in Fighting
  3509 | Swamp:1  | Reached skill level 8 in Polearms
  3509 | Swamp:1  | Reached skill level 7 in Armour
  3509 | Swamp:1  | Reached skill level 8 in Dodging
  3521 | Swamp:1  | Noticed an alligator
  3533 | Swamp:1  | Killed an alligator
  3541 | Swamp:2  | Noticed Louise
  3541 | Swamp:2  | Noticed an alligator
  3547 | Swamp:1  | Noticed a spriggan rider
  3548 | Swamp:1  | HP: 5/86 [alligator (16)]
  3548 | Swamp:1  | Slain by an alligator

Skill      XL: |  1  2  3  4  5  6  7  8  9 10 11 |
---------------+----------------------------------+-----
Spellcasting   | 5 6 7 8 |  8.3
Short Blades   | 1 2 3 4 5 6 |  6.5
Long Blades    | 1 2 3 4 5 6 |  6.5
Axes           | 1 2 3 4 5 6 |  6.5
Maces & Flails | 1 2 3 4 5 6 |  6.5
Staves         | 1 2 3 4 5 6 |  6.5
Slings         | 1 2 3 4 5 6 |  6.5
Bows           | 1 2 3 4 5 6 |  6.5
Crossbows      | 1 2 3 4 5 6 |  6.5
Throwing       | 1 2 3 4 5 6 |  6.5
Stealth        | 1 2 3 4 5 6 |  6.5
Shields        | 1 2 3 4 5 6 |  6.5
Unarmed Combat | 1 2 3 4 5 6 |  6.5
Invocations    | 1 2 3 4 5 6 7 |  7.1
Evocations     | 1 2 3 4 5 6 |  6.5
Conjurations   | 1 2 3 4 5 |  5.3
Hexes          | 1 2 3 4 5 |  5.3
Summonings     | 1 2 3 4 5 |  5.3
Necromancy     | 1 2 3 4 5 |  5.3
Translocations | 1 2 3 4 5 |  5.3
Transmutations | 1 2 3 4 5 |  5.3
Fire Magic     | 1 2 3 4 5 |  5.3
Ice Magic      | 1 2 3 4 5 |  5.3
Air Magic      | 1 2 3 4 5 |  5.3
Earth Magic    | 1 2 3 4 5 |  5.3
Poison Magic   | 1 2 3 4 5 |  5.3
Armour         | 3 4 5 6 7 |  7.0
Fighting       | 5 6 7 8 |  8.0
Polearms       | 5 6 7 8 |  8.0
Dodging        | 5 6 7 8 |  8.0
Charms         | 6 7 |  7.8

Action                   |  1- 3 |  4- 6 |  7- 9 | 10-12 || total
-------------------------+-------+-------+-------+-------++-------
Melee: Spear             |    25 |   121 |       |       ||   146
       Bite              |     3 |    15 |    18 |    53 ||    89
       Halberd           |       |    19 |   183 |     2 ||   204
       War axe           |       |       |       |    69 ||    69
       Trident           |       |       |       |   136 ||   136
Throw: Javelin           |     1 |     3 |    19 |     5 ||    28
 Cast: Infusion          |     2 |       |       |       ||     2
       Spectral Weapon   |     3 |    18 |    32 |    33 ||    86
       Shroud of Golubri |     1 |     3 |     6 |     6 ||    16
       Regeneration      |       |     2 |     8 |     8 ||    18
       Song of Slaying   |       |     5 |     6 |     3 ||    14
       Passwall          |       |       |       |     2 ||     2
       Sticks to Snakes  |       |       |       |     7 ||     7
       Conjure Flame     |       |       |       |     3 ||     3
       Ozocubu's Armour  |       |       |       |     3 ||     3
  Use: Scroll            |       |     8 |     2 |     5 ||    15
       Potion            |       |       |     5 |     2 ||     7
 Stab: Sleeping          |       |     1 |       |     3 ||     4
       Distracted        |       |       |       |     3 ||     3
  Eat: Ration            |       |     2 |     1 |     1 ||     4
Armor: Leather armour    |       |    27 |    52 |       ||    79
       Ring mail         |       |       |    17 |    22 ||    39
       Troll leather arm |       |       |       |    29 ||    29
       Swamp dragon scal |       |       |       |    18 ||    18
Dodge: Dodged            |     7 |    72 |   163 |   159 ||   401
Block: Buckler           |       |    24 |       |    64 ||    88

Table legend:
 A = Turns spent in this place as a percentage of turns spent in the entire game.
 B = Non-inter-level travel turns spent in this place as a percentage of non-inter-level travel turns spent in the entire game.
 C = Inter-level travel turns spent in this place as a percentage of turns spent in this place.
 D = Turns resting spent in this place as a percentage of non-inter-level travel turns spent in this place.
 E = Turns spent auto-exploring this place as a percentage of non-inter-level travel turns spent in this place.
 F = Non-inter-level travel turns spent in this place divided by the number of levels of this place that you've seen.
                   A       B       C       D       E      F
               +-------+-------+-------+-------+-------+----------------------
         Total | 100.0 | 100.0 |   2.0 |   0.0 |   0.0 | 193.1
       Dungeon |  77.3 |  77.2 |   2.1 |   0.0 |   0.0 | 223.8
        Temple |   2.8 |   2.4 |  15.2 |   0.0 |   0.0 |  84.0
          Lair |  12.3 |  12.5 |   0.0 |   0.0 |   0.0 | 145.0
         Swamp |   7.7 |   7.8 |   0.0 |   0.0 |   0.0 | 136.0
               +-------+-------+-------+-------+-------+----------------------

Table legend:
 A = Kills in this place as a percentage of kills in entire the game.
 B = Kills by you in this place as a percentage of kills by you in the entire game.
 C = Kills by friends in this place as a percentage of kills by friends in the entire game.
 D = Other kills in this place as a percentage of other kills in the entire game.
 E = Experience gained in this place as a percentage of experience gained in the entire game.
 F = Experience gained in this place divided by the number of levels of this place that you have seen.
                   A       B       C       D       E      F
               +-------+-------+-------+-------+-------+----------------------
         Total | 100.0 | 100.0 | 100.0 |   N/A | 100.0 | 904.3
       Dungeon |  88.2 |  89.4 |   0.0 |   N/A |  49.5 | 670.9
          Lair |   7.1 |   5.8 | 100.0 |   N/A |  20.1 | 1091.3
         Swamp |   4.7 |   4.8 |   0.0 |   N/A |  30.4 | 2476.0
               +-------+-------+-------+-------+-------+----------------------

Levels and vault maps discovered:
D:1:      ldierk_water_garden, layout_loops_cross
D:2:      layout_loops_ring, tso_metal_star, kennysheep_vampire_church,
          grunt_gozag_statues, uniq_terence, uniq_natasha
D:3:      minmay_chambers_of_twos, layout_rooms, serial_bayou,
          serial_bayou_shore_b, serial_bayou_shore_b, serial_bayou_ford_a,
          serial_bayou_lagoon_a, serial_bayou_pond_d, uniq_crazy_yiuf_cottage
D:4:      layout_layer_cave, lemuel_coloured_pillars_altar, first_ration,
          nrook_mini_vaults
D:5:      layout_layer_cave, nicolae_overflow_hidden_temple, serial_shops, shop,
          grunt_dithmenos_shadows
D:6:      layout_basic, grunt_temple_overflow_open, kennysheep_mini_moat,
          minmay_temple_entry_wispy, roderic_roman_lattice, grunt_ministairs_10,
          grunt_decor_arrowhead, st_stairs_11
D:7:      layout_gridville, grunt_livestock
D:8:      layout_basic, lemuel_zombie_altar_yredelemnul,
          due_lair_maze_entry_diamond, basic_altar, minmay_diced_spiral
D:9:      layout_roguey
D:10:     wad_pebble_path, layout_basic
D:11:     layout_rooms, uniq_josephine
D:12:     layout_cross, erik_orc_4, serial_shops, nicolae_shop_window_shopping,
          minivault_16
Temple:   minmay_temple_curvy_loop
Lair:1:   layout_regular_city, enter_volcano_3
Lair:2:   layout_regular_city, minmay_swamp_entry_worms,
          nicolae_spider_entry_tight_spaces, serial_bayou_shore_b,
          grunt_megastairs_2, lemuel_fruit_fields, serial_bayou_shore_a,
          minmay_lair_oklob_chamber, lemuel_fruit_fields, lemuel_fruit_tree,
          uniq_urug, uniq_sonja
Lair:3:   layout_chaotic_city, st_stairs_3
Swamp:1:  layout_basic_swamp, evilmike_swamp_ruin_wall, swamp_pool1
Swamp:2:  gammafunk_its_a_trap, layout_basic_swamp, serial_swamp_ruin,
          evilmike_swamp_ruin_house_4, evilmike_swamp_ruin_house_5, uniq_louise
